 Dungeon Crawl Stone Soup version 0.32-a0-995-gb4a59205af (console) character file.

Game seed: 17706450778677498835

12464 casual the Mimic (level 11, -5/102 HPs)
             Began as a Vampire Alchemist on Apr 22, 2024.
             Was a High Priest of Cheibriados.
             Slain by a lindwurm simulacrum (10 damage)
             ... in an ice cave.
             The game lasted 00:24:35 (14924 turns).

casual the Mimic (Vampire Alchemist)               Turns: 14924, Time: 00:24:36

Health: -5/102     AC:  8    Str: 23    XL:     11   Next: 62%
Magic:  3/23       EV: 19    Int: 34    God:    Cheibriados [*****.]
Gold:   421        SH:  5    Dex: 30    Spells: 14/26 levels left

rFire   + . .        S - +2 scimitar (flame)
rCold   + . .        (no shield)
rNeg    . . .        G - +0 robe {Will+}
rPois   +            M - +1 helmet
rElec   +            (no cloak)
rCorr   +            t - +2 pair of gloves {Dex+3}
SInv    +            C - +0 pair of boots
Will    ++...        R - amulet of reflection
Stlth   x              - ring "Wall" {rCorr Str+4}
HPRegen 0.57/turn    K - ring of poison resistance
MPRegen 0.18/turn

%: reflection
@: berserking, resistant, very slightly contaminated, healing quickly, very slow
A: alive, fangs 3, see invisible, vampiric 2
a: Exsanguinate, Renounce Religion, Bend Time, Temporal Distortion, Slouch, Step
From Time


You were in an ice cave.
You worshipped Cheibriados.
Cheibriados was extremely pleased with you.
You visited 2 branches of the dungeon, and saw 12 of its levels.
You also visited: Ice Cave.

You collected 679 gold pieces.
You spent 258 gold pieces at shops.

Inventory:

Hand Weapons
 i - a +0 hand axe
 k - a +0 trident
 l - a +1 whip of flaming
 A - a +1 dagger of venom
 N - a +3 dire flail
 O - a +3 short sword
 P - a +3 flail
 Q - a +5 hand axe
 S - a +2 scimitar of flaming (weapon)
 V - a +2 sling of flaming
Missiles
 c - 133 stones
 w - a throwing net
 y - 8 boomerangs (quivered)
 J - 49 poisoned darts
 L - 7 curare-tipped darts
Armour
 a - a +0 robe
 t - a +2 pair of gloves of dexterity (worn)
 C - a +0 pair of boots (worn)
 G - a +0 robe of willpower (worn)
 M - a +1 helmet (worn)
Magical Staves
 E - a staff of death
Jewellery
 x - the ring "Wall" (left hand) {rCorr Str+4}
   (You found it on level 5 of the Dungeon)

   [ring of resist corrosion]

   Str+4:     It affects your strength (+4).
   rCorr:     It protects you from acid and corrosion.
 K - a ring of poison resistance (right hand)
 R - an amulet of reflection (around neck)
Talismans
 D - a beast talisman
 U - a blade talisman
Wands
 b - a wand of iceblast (26)
 d - a wand of acid (7)
 q - a wand of charming (12)
 u - a wand of mindburst (6)
 T - a wand of flame (35)
Scrolls
 e - 8 scrolls of identify
 f - 3 scrolls of immolation
 g - a scroll of teleportation
 h - 2 scrolls of torment
 n - a scroll of enchant weapon
 r - a scroll of revelation
 v - a scroll of noise
 W - a scroll of brand weapon {unknown}
Potions
 j - a potion of curing
 m - 2 potions of resistance
 p - 5 potions of mutation
 s - a potion of invisibility {unknown}
 z - 3 potions of attraction
 B - a potion of ambrosia
 H - a potion of cancellation
 I - a potion of haste {unknown}
 X - a potion of degeneration {unknown}


   Skills:
 - Level 7.9 Dodging
 - Level 3.0 Stealth
 - Level 8.0 Spellcasting
 - Level 0.6 Conjurations
 - Level 4.0 Fire Magic
 - Level 6.0 Alchemy
 + Level 1.5 Invocations
 - Level 13.5 Shapeshifting


You had 14 spell levels left.
You knew the following spells:

 Your Spells              Type           Power      Damage    Failure   Level
a - Sting                 Conj/Alch      100%       1d9       1%          1
b - Sticky Flame          Fire/Alch      47%        2d9       4%          4
c - Mephitic Cloud        Conj/Alch/Air  28%        N/A       4%          3
d - Olgreb's Toxic Radia  Alch           53%        N/A       2%          4

Your spell library contained the following spells:

 Spells                   Type           Power      Damage    Failure   Level
 Mercury Vapours          Alch/Air       68%        N/A       1%          2
 Apportation              Tloc           26%        N/A       3%          1
 Necrotise                Necr           52%        1d6       3%          1
 Shock                    Conj/Air       60%        1d6       3%          1
 Summon Small Mammal      Summ           52%        N/A       3%          1
 Lesser Beckoning         Tloc           26%        N/A       4%          2
 Inner Flame              Hex/Fire       27%        N/A       4%          3
 Dazzling Flash           Conj/Hex       30%        N/A       9%          3
 Call Canine Familiar     Summ           13%        N/A       10%         3
 Maxwell's Portable Pile  Tloc           13%        2d(6-17)  10%         3
 Swiftness                Air            13%        N/A       10%         3
 Teleport Other           Tloc           13%        N/A       10%         3
 Flame Wave               Conj/Fire      29%        2d9       13%         4
 Summon Blazeheart Golem  Fire/Summ      27%        N/A       14%         4
 Brom's Barrelling Bould  Conj/Erth      15%        2d4       28%         4
 Airstrike                Air            6%         2d(1-17)  32%         4
 Fireball                 Conj/Fire      14%        3d8       34%         5
 Silence                  Hex/Air        6%         N/A       65%         5
 Dispersal                Tloc           6%         N/A       99%         6
 Gell's Gavotte           Tloc           6%         2d(14-20) 99%         6


Dungeon Overview and Level Annotations

Branches:
Dungeon (11/15)            Temple (1/1) D:4            Lair (0/5) D:8
    Orc (0/2) D:11          IceCv (1/1)

Altars:
Ashenzari
Cheibriados
Dithmenos
Fedhas
Gozag
Hepliaklqana
Kikubaaqudgha
Makhleb
Nemelex Xobeh
Okawaru
Qazlal
Ru
Sif Muna
Trog
Uskayaw
Vehumet
Wu Jian
Xom
Yredelemnul
Beogh

Shops:
D:1 :=*[

Portals:
Trove: D:10 (give +2 gold dragon scales)

Annotations:
D:6 3 runed translucent doors, Returnofthet's ghost, novice DsSh


Innate Abilities, Weirdness & Mutations

Your natural rate of healing is accelerated.
You have razor-sharp teeth.
You have supernaturally acute eyesight. (SInv)
You are afflicted with vampirism and can become a bat while bloodless.


Message History

The rime drake burns!
The rime drake completely misses you. The acid dragon simulacrum bites you.
The acid dragon simulacrum freezes you. You resist.
* * * LOW HITPOINT WARNING * * *
The acid dragon simulacrum barely misses you.
You block the rime drake's attack.
You take 9 damage, and have 20/68 hp.
Casting: Sticky Flame (dangerous; 4% risk of failure)
Confirm with . or Enter, or press ? or * to list all spells.
Aiming: Sticky Flame (dangerous; 4% risk of failure)
Press: ? - help, Shift-Dir - straight line, f/p - acid dragon simulacrum
Aim: an acid dragon simulacrum (noxious fumes)
The sticky flame hits the acid dragon simulacrum!
The acid dragon simulacrum melts!
The acid dragon simulacrum is almost destroyed.
The acid dragon simulacrum burns!
The acid dragon simulacrum vaporises!
The rime drake burns!
You kill the rime drake!
Cheibriados appreciates the change of pace.
Your Invocations skill increases to level 1!
You now have 3/23 mp.
A red film seems to cover your vision as you go berserk!
Cheibriados forces you to slow down.
You feel mighty! The lindwurm simulacrum bites you!
* * * LOW HITPOINT WARNING * * *
The lindwurm simulacrum freezes you! You resist.
* * * LOW HITPOINT WARNING * * *
The lindwurm simulacrum misses you.
The lindwurm simulacrum claws you but does no damage.
You now have 11/102 hp.
You slash the lindwurm simulacrum!
You melt the lindwurm simulacrum!
The lindwurm simulacrum is severely damaged.
The lindwurm simulacrum barely misses you.
The lindwurm simulacrum claws you but does no damage.
The lindwurm simulacrum misses you. The lindwurm simulacrum bites you!
* * * LOW HITPOINT WARNING * * *
The lindwurm simulacrum freezes you! You resist.
You die...
Cheibriados appreciates the motionlessness of death. ██...█ █...██ ...██ ..██ ██ █..██ [.. ██..█ .?[█ ██..████ ███ $$$█

█....█.██ ██.████....█
........███ ██..@ZZ..█
..........███..██Z#███
..÷.......█...██████
............███
...........██
..........██
........███ ......███
....██


You could see a komodo dragon simulacrum and 2 lindwurm simulacra.

Vanquished Creatures
  Erica (D:8)
  A two-headed ogre (D:11)
  A boulder beetle (D:11)
  An ugly thing (D:11)
  A manticore (D:11)
  Joseph (D:9)
  2 ice statues (IceCv)
  A gargoyle (D:10)
  2 rime drakes (IceCv)
  A komodo dragon (D:10)
  An unseen horror (D:11)
  A troll (D:9)
  Prince Ribbit (D:5)
  2 hornets
  Sigmund (D:2)
  A wyvern (D:7)
  2 vampires
  3 yaks (D:11)
  4 vampire mosquitoes (D:10)
  An acid dragon (D:8)
  A water moccasin (D:7)
  6 orc warriors
  A sky beast (D:6)
  2 black bears
  An ice beast (D:5)
  2 ogres
  4 centaurs
  A phantom (D:4)
  5 kobold brigands
  6 bullfrogs
  4 scorpions
  18 wights
  7 killer bees
  4 howler monkeys
  A bombardier beetle (D:5)
  2 komodo dragon simulacra (IceCv)
  6 orc priests
  A jelly (D:6)
  5 hounds
  14 orc wizards
  3 iguanas
  2 sleepcaps (D:6)
  Terence (D:2)
  Natasha (thrice) (D:2)
  Ijyb (D:3)
  3 acid dragon simulacra (IceCv)
  8 adders
  13 white imps
  4 ufetubi (D:6)
  4 steam dragon simulacra (IceCv)
  A dart slug (D:2)
  38 orcs
  5 endoplasms
  2 giant cockroaches (D:3)
  5 goblins
  3 hobgoblins
  7 jackals
  3 quokkas
  4 ball pythons
  7 bats
  4 frilled lizards (D:1)
  25 kobolds
  3 rats
269 creatures vanquished.

Notes
Turn   | Place    | Note
-------+----------+-------------------------------------------
     0 | D:1      | casual the Vampire Alchemist began the quest for the Orb.
     0 | D:1      | Reached XP level 1. HP: 13/13 MP: 3/3
   345 | D:1      | Reached XP level 2. HP: 19/19 MP: 2/5
   399 | D:1      | Found Xuplaeplo's Armour Emporium.
   436 | D:1      | Found a faded altar of an unknown god.
   759 | D:1      | Found Zukhlaph's Jewellery Shoppe.
   804 | D:1      | Found Wakk's Book Shop.
  1030 | D:1      | Found Vuth's General Store.
  1738 | D:2      | Gained mutation: You are afflicted with vampirism and can
                  | become a bat while bloodless. [Vampire growth]
  1738 | D:2      | Reached XP level 3. HP: 23/24 MP: 1/8
  1801 | D:2      | Learned a level 3 spell: Mephitic Cloud
  1803 | D:2      | Noticed Natasha
  1819 | D:2      | Killed Natasha
  1918 | D:2      | Noticed Natasha
  2034 | D:2      | Killed Natasha
  2035 | D:2      | Reached XP level 4. HP: 30/30 MP: 6/10
  2048 | D:2      | Learned a level 4 spell: Olgreb's Toxic Radiance
  2186 | D:2      | Noticed Natasha
  2196 | D:2      | Killed Natasha
  2449 | D:2      | Noticed Sigmund
  2459 | D:2      | Killed Sigmund
  2460 | D:2      | Reached XP level 5. HP: 35/35 MP: 0/11
  2460 | D:2      | Reached XP level 6. HP: 41/41 MP: 0/12
  2465 | D:2      | Learned a level 4 spell: Sticky Flame
  2715 | D:2      | Noticed Terence
  2723 | D:2      | Killed Terence
  3291 | D:3      | Noticed Ijyb
  3301 | D:3      | Killed Ijyb
  3390 | D:3      | Reached skill level 5 in Spellcasting
  4029 | D:3      | Found a hazy altar of Hepliaklqana.
  4034 | D:3      | Reached skill level 1 in Fire Magic
  4034 | D:3      | Reached XP level 7. HP: 46/46 MP: 4/15
  4207 | D:3      | Found a faded altar of an unknown god.
  5681 | D:4      | Found a staircase to the Ecumenical Temple.
  5825 | Temple   | Entered the Ecumenical Temple
  5838 | Temple   | Became a worshipper of Cheibriados the Contemplative
  5970 | D:1      | Bought a +2 pair of gloves of dexterity for 258 gold pieces
  6154 | D:5      | Entered Level 5 of the Dungeon
  6183 | D:4      | Reached XP level 8. HP: 45/52 MP: 2/16
  6479 | D:5      | Noticed Prince Ribbit
  6487 | D:5      | Killed Prince Ribbit
  6613 | D:5      | Reached skill level 5 in Dodging
  6700 | D:5      | Identified the ring "Wall" {rCorr Str+4}
  6941 | D:5      | Reached * piety under Cheibriados
  7875 | D:6      | Found a runed translucent gate.
  7875 | D:6      | Found a runed translucent gate.
  7876 | D:6      | Found a runed translucent gate.
  7878 | D:6      | Noticed Returnofthet's ghost (novice DsSh)
  8245 | D:6      | Reached XP level 9. HP: 45/57 MP: 8/20
  8341 | D:6      | Reached ** piety under Cheibriados
  8538 | D:6      | Found a sparkling altar of Nemelex Xobeh.
  8996 | D:7      | Reached skill level 2 in Shapeshifting
  9038 | D:7      | Got the Vellum of Pragmatism
  9066 | D:7      | Found a shadowy altar of Dithmenos.
  9299 | D:7      | Reached skill level 3 in Shapeshifting
  9745 | D:7      | Reached skill level 4 in Shapeshifting
  9812 | D:7      | Reached skill level 5 in Shapeshifting
 10000 | D:7      | Reached *** piety under Cheibriados
 10602 | D:8      | Reached skill level 6 in Shapeshifting
 10788 | D:8      | Reached skill level 7 in Shapeshifting
 10795 | D:8      | Reached XP level 10. HP: 34/63 MP: 3/22
 10939 | D:8      | Noticed Erica
 10947 | D:8      | Killed Erica
 10948 | D:8      | Reached skill level 8 in Shapeshifting
 11515 | D:8      | Found a blossoming altar of Fedhas.
 11517 | D:8      | Found an ornate altar of the Wu Jian Council.
 11638 | D:8      | Reached skill level 9 in Shapeshifting
 11678 | D:8      | Found a staircase to the Lair.
 11826 | D:9      | Noticed Joseph
 11836 | D:9      | Killed Joseph
 11836 | D:9      | Reached **** piety under Cheibriados
 11900 | D:9      | Reached skill level 10 in Shapeshifting
 12801 | D:10     | Entered Level 10 of the Dungeon
 12895 | D:10     | Reached skill level 11 in Shapeshifting
 13183 | D:10     | Found a portal to a secret trove of treasure.
 13342 | D:10     | Reached ***** piety under Cheibriados
 13493 | D:10     | Noticed a gargoyle
 13498 | D:10     | Killed a gargoyle
 13499 | D:10     | Reached XP level 11. HP: 47/68 MP: 18/23
 13617 | D:10     | Reached skill level 12 in Shapeshifting
 13957 | D:11     | Noticed a two-headed ogre
 13961 | D:11     | Noticed a white ugly thing
 13962 | D:11     | Killed a two-headed ogre
 13983 | D:11     | Noticed a boulder beetle
 13987 | D:11     | Found a staircase to the Orcish Mines.
 13996 | D:11     | Found a roughly hewn altar of Beogh.
 14039 | D:11     | Killed a white ugly thing
 14114 | D:11     | Reached skill level 13 in Shapeshifting
 14190 | D:11     | Killed a boulder beetle
 14237 | D:11     | Found a frozen archway.
 14264 | IceCv    | Entered an ice cave
 14923 | IceCv    | Reached skill level 1 in Invocations
 14924 | IceCv    | HP: 5/102 [lindwurm simulacrum (7)]
 14924 | IceCv    | Slain by a lindwurm simulacrum

Illustrated notes

Levels and vault maps discovered:
D:1:      erik_arrival_triangle_large, layout_basic, serial_shops, shop,
          shop_coins, shop, shop, hellmonk_ecumenical_altar_dog_temple,
          roderic_lattice_a, chequers_jeans
D:2:      layout_loops_cross, uniq_terence, uniq_natasha, uniq_sigmund
D:3:      layout_loops_cross, beargit_hepliaklqana_dungeon_heroes,
          chequers_serial_rivers_large_a, chequers_serial_rivers_marsh,
          minmay_surrounded, uniq_ijyb
D:4:      layout_loops_corners, minmay_temple_entry_drinking_statues
D:5:      layout_basic, uniq_prince_ribbit1
D:6:      layout_loops_cross, grunt_temple_overflow_diamond,
          gammafunk_ghost_necromancy
D:7:      layout_layer_cave, grunt_dithmenos_smoke_and_mirrors,
          amcnicky_mini_rare_corridor_liquid
D:8:      layout_basic, mainiacjoe_overflow_catch_the_wave, lair_entry_dummy,
          uniq_erica
D:9:      layout_cave_pools, uniq_joseph
D:10:     layout_basic, nicolae_trove_entry_diagonal
D:11:     layout_basic, minmay_orc_entry_temple_small,
          portal_ice_cave_entry_imps
Temple:   regret_index_temple_waves
IceCv:    ice_cave_small_dragons

Skill      XL: |  1  2  3  4  5  6  7  8  9 10 11 |
---------------+----------------------------------+-----
Spellcasting   | 3 4 5 7 8 |  8.0
Alchemy        | 6 |  6.0
Fire Magic     | 1 4 |  4.0
Dodging        | 3 6 7 |  7.9
Shapeshifting  | 7 11 13 | 13.5
Invocations    | 1 |  1.5
Stealth        | |  3.0
Conjurations   | |  0.6

Action                     |  1- 3 |  4- 6 |  7- 9 | 10-12 || total
---------------------------+-------+-------+-------+-------++-------
  Melee: Unarmed           |    15 |       |       |       ||    15
         Bite              |     3 |       |    16 |    13 ||    32
         Punch             |     1 |       |       |       ||     1
         Hand axe          |       |     7 |       |       ||     7
         Whip              |       |     8 |   105 |     6 ||   119
         Scimitar          |       |       |       |    74 ||    74
  Throw: Stone             |     5 |       |     1 |       ||     6
         Boomerang         |       |       |    15 |    11 ||    26
   Cast: Sting             |    54 |    44 |    35 |     5 ||   138
         Mephitic Cloud    |       |     5 |     9 |    13 ||    27
         Olgreb's Toxic Ra |       |    18 |    64 |    35 ||   117
         Sticky Flame      |       |       |    19 |    54 ||    73
 Invoke: Slouch            |       |       |       |     1 ||     1
  Evoke: Wand              |       |       |     3 |    14 ||    17
    Use: Potion            |       |     1 |       |    12 ||    13
         Scroll            |       |       |       |    22 ||    22
   Stab: Confused          |       |       |     3 |     4 ||     7
 Armour: Robe              |    21 |    24 |    91 |   106 ||   242
  Dodge: Dodged            |    26 |    15 |   106 |   137 ||   284
  Block: Other             |       |       |       |    33 ||    33
         Reflection        |       |       |       |     5 ||     5

Table legend: (Time is in decaauts)
 A = Elapsed time spent in this place.
 B = Non-inter-level travel time spent in this place.
 C = Inter-level travel time spent in this place.
 D = Time resting spent in this place.
 E = Time spent auto-exploring this place.
 F = Levels seen in this place.
 G = Mean time per level.
                   A        B        C        D        E       F      G
               +--------+--------+--------+--------+--------+-----+--------+
         Total |  17566 |  16459 |   1107 |   3675 |  10777 |  13 | 1351.2 |
       Dungeon |  16818 |  15728 |   1090 |   3129 |  10730 |  11 | 1528.9 |
        Temple |     30 |     13 |     17 |      0 |      0 |   1 |   30.0 |
      Ice Cave |    718 |    718 |      0 |    545 |     47 |   1 |  718.0 |
               +--------+--------+--------+--------+--------+-----+--------+

Top non-repeatable levels by time:
     D:7: 2118 daAuts
     D:8: 1990 daAuts
     D:1: 1798 daAuts
     D:5: 1783 daAuts
     D:4: 1594 daAuts
     D:3: 1588 daAuts
     D:6: 1458 daAuts
    D:10: 1404 daAuts
     D:2: 1354 daAuts
     D:9: 1165 daAuts
   IceCv: 718 daAuts
    D:11: 561 daAuts
  Temple: 30 daAuts
